cohdb
Replays
Latest Replays
All Replays
Popular Replays
Top Player Replays
Match Explorer
How It Works
Community
CoH3 Stats
Reddit
Sign in to upload your games and track your stats! →
Sign in with Steam
Match 47198067
Unlisted
Match 47198067
Overview
Messages
Build Orders
End
Pioneer Squad
Construct Infanterie Kompanie
Grenadier Squad
Grenadier Squad
Grenadier Squad
Grenadier Squad
Construct Luftwaffe Kompanie
221 Scout Car
Flak 30 Anti-aircraft Gun Team
Medical Station
Flak 30 Anti-aircraft Gun Team
Support Elements
Wirbelwind Flakpanzer
Wirbelwind Flakpanzer
Selects Breakthrough Battlegroup
Selects Breakthrough Battlegroup
Selects Rapid Production
Selects Blitzkrieg
ssume
JT
0
0
Comments
sign in to comment!
No comments posted yet!